 Dungeon Crawl Stone Soup version 0.29.1-2-gbd0b4ee654 (webtiles) character file.

Game seed: 18068856204606781204

123125 croobank the Cleaver (level 16, -11/114 HPs)
             Began as an Octopode Summoner on Nov 23, 2022.
             Was an Initiate of Gozag.
             Shot with an arrow by a naga sharpshooter (24 damage)
             ... on level 4 of the Snake Pit on Nov 24, 2022.
             The game lasted 02:56:33 (41535 turns).

croobank the Cleaver (Octopode Summoner)           Turns: 41535, Time: 02:56:34

Health: -11/114    AC:  1    Str: 17    XL:     16   Next: 89%
Magic:  19/39      EV: 24    Int: 37    God:    Gozag
Gold:   638        SH: 14    Dex: 17    Spells: 2/36 levels left

rFire   + + +      SeeInvis .   c - +8 war axe (spect)
rCold   + . .      Faith    .   x - +3 buckler
rNeg    . . .      Spirit   .   (helmet restricted)
rPois   +          Reflect  +   f - amulet of reflection
rElec   +          Harm     .   i - ring "Geopnet" {Will+ Int+7 Dex+4}
rCorr   +          Rampage  .   t - ring of protection from fire
Will    ++...      NoTele   +   T - +6 ring of intelligence
Stlth   ++++......              v - ring of poison resistance
HPRegen 0.29/turn               a - +6 ring of strength
MPRegen 0.26/turn               D - +4 ring of evasion
                                I - ring "Guewuts" {MP+9 Str+3}
                                u - ring of protection from fire

@: mighty, resistant, weakened, gold aura, immobile, very slightly contaminated
A: almost no armour, amphibious, 8 rings, camouflage 1, gelatinous body 1,
(nimble swimmer 1), tentacles
a: Renounce Religion, Potion Petition, Call Merchant, Bribe Branch


You were on level 4 of the Snake Pit.
You worshipped Gozag.
Gozag was pleased with you.
You visited 5 branches of the dungeon, and saw 25 of its levels.

You collected 9581 gold pieces.
You spent 3175 gold pieces at shops.
You paid 5768 gold pieces to Gozag.

Inventory:

Hand Weapons
 c - a +8 spectral war axe (weapon)
 R - a +4 scimitar of venom
Missiles
 r - 3 silver javelins
Armour
 x - a +3 buckler (worn)
Jewellery
 a - a +6 ring of strength (on tentacle)
 f - an amulet of reflection (around mantle)
 i - the ring "Geopnet" (left tentacle) {Will+ Int+7 Dex+4}
   (You acquired it on level 6 of the Dungeon)

   [ring of willpower]

   Int:       It affects your intelligence (+7).
   Dex:       It affects your dexterity (+4).
   Will:      It increases your willpower.
 k - a ring of see invisible
 m - a ring of ice
 t - a ring of protection from fire (right tentacle)
 u - a ring of protection from fire (on tentacle)
 v - a ring of poison resistance (on tentacle)
 D - a +4 ring of evasion (on tentacle)
 E - a ring of positive energy
 I - the ring "Guewuts" (on tentacle) {MP+9 Str+3}
   (You acquired it on level 6 of the Dungeon)

   [ring of magical power]

   Str:       It affects your strength (+3).
   MP:        It affects your magic capacity (+9).
 P - a ring of wizardry
 S - a ring of magical power
 T - a +6 ring of intelligence (on tentacle)
 V - a ring of magical power
 W - a ring of willpower
 X - a +6 ring of dexterity
Wands
 d - a wand of quicksilver (6)
 s - a wand of digging (4)
 w - a wand of charming (30)
 J - a wand of iceblast (20)
 O - a wand of mindburst (8)
 Q - a wand of flame (30)
Scrolls
 e - 15 scrolls of teleportation
 h - 3 scrolls of fear
 j - 5 scrolls of amnesia
 o - a scroll of blinking
 p - 9 scrolls of identify
 B - 4 scrolls of torment
 C - 4 scrolls of poison
 G - 6 scrolls of immolation
 N - 3 scrolls of vulnerability
 U - 3 scrolls of magic mapping
 Y - 2 scrolls of summoning
Potions
 b - 18 potions of curing
 g - 9 potions of lignification
 l - 6 potions of flight
 n - 2 potions of attraction
 q - 3 potions of mutation
 z - 3 potions of ambrosia
 A - 2 potions of cancellation
 H - 6 potions of might
 K - 5 potions of brilliance
 M - a potion of magic
 Z - a potion of berserk rage
Miscellaneous
 y - a phial of floods
 F - a lightning rod (4/4)
 L - a phantom mirror


   Skills:
 + Level 12.0 Fighting
 * Level 13.0 Axes
 + Level 12.1 Dodging
 - Level 5.0 Stealth
 - Level 5.0 Shields
 + Level 10.8 Spellcasting
 - Level 7.0 Hexes
 + Level 11.7 Summonings
 - Level 5.0 Necromancy
 + Level 6.0 Translocations
 - Level 7.0 Air Magic
 - Level 5.0 Earth Magic
 - Level 3.0 Poison Magic


You had 2 spell levels left.
You knew the following spells:

 Your Spells              Type           Power      Damage    Failure   Level
a - Borgnjor's Vile Clut  Necr/Erth      27%        N/A       9%          5
b - Call Imp              Summ           82%        N/A       1%          2
c - Call Canine Familiar  Summ           82%        N/A       1%          3
d - Summon Guardian Gole  Hex/Summ       74%        N/A       1%          3
e - Summon Lightning Spi  Summ/Air       74%        N/A       1%          4
f - Summon Mana Viper     Hex/Summ       74%        N/A       1%          5
g - Olgreb's Toxic Radia  Pois           42%        N/A       8%          4
h - Poisonous Vapours     Pois/Air       100%       N/A       1%          2
i - Dispersal             Tloc           30%        N/A       32%         6

Your spell library contained the following spells:

 Spells                   Type           Power      Damage    Failure   Level
 Necrotise                Necr           100%       1d9       1%          1
 Sting                    Tmut/Pois      100%       1d8       1%          1
 Summon Small Mammal      Summ           100%       N/A       1%          1
 Ensorcelled Hibernation  Hex/Ice        92%        N/A       1%          2
 Static Discharge         Conj/Air       46%        3-9/arc   1%          2
 Magic Dart               Conj           80%        1d7       2%          1
 Dazzling Flash           Conj/Hex       92%        N/A       1%          3
 Gell's Gravitas          Tloc           60%        N/A       1%          3
 Mephitic Cloud           Conj/Pois/Air  44%        N/A       1%          3
 Portal Projectile        Hex/Tloc       100%       N/A       1%          3
 Teleport Other           Tloc           60%        N/A       1%          3
 Tukima's Dance           Hex            64%        N/A       1%          3
 Vampiric Draining        Necr           54%        2d9       1%          3
 Airstrike                Air            32%        2d(5-21)  1%          4
 Summon Forest            Summ/Tloc      36%        N/A       1%          5
 Anguish                  Hex/Necr       29%        N/A       2%          4
 Leda's Liquefaction      Hex/Erth       29%        N/A       2%          4
 Summon Cactus Giant      Summ           41%        N/A       3%          6
 Spider Form              Tmut/Pois      31%        N/A       4%          3
 Silence                  Hex/Air        32%        N/A       4%          5
 Agony                    Necr           54%        N/A       9%          5
 Lee's Rapid Deconstruct  Erth           27%        3d15*     9%          5
 Lightning Bolt           Conj/Air       23%        1d38      17%         5
 Hailstorm                Conj/Ice       20%        3d6       26%         4
 Ice Form                 Ice/Tmut       20%        N/A       26%         4
 Alistair's Intoxication  Tmut/Pois      20%        N/A       36%         5
 Blade Hands              Tmut           10%        N/A       56%         5
 Haunt                    Necr/Summ      35%        N/A       56%         7
 Statue Form              Tmut/Erth      25%        N/A       80%         6
 Eringya's Noxious Bog    Tmut/Pois      15%        N/A       91%         6
 Infestation              Necr           27%        N/A       100%        8
 Maxwell's Capacitive Co  Air            32%        ∞         100%        8
 Animate Dead             Necr           Unusable   N/A       N/A         4
 Simulacrum               Ice/Necr       Unusable   N/A       N/A         6

Dungeon Overview and Level Annotations

Branches:
Dungeon (13/15)            Temple (1/1) D:6            Lair (5/5) D:8
  Swamp (0/4) Lair:2        Snake (4/4) Lair:3        Slime (0/5) Lair:5
    Orc (2/2) D:12            Elf (0/3) Orc:2
 Vaults: D:13-14

Altars:
Ashenzari
Cheibriados
Dithmenos
Elyvilon
Fedhas
Gozag
Hepliaklqana
Kikubaaqudgha
Makhleb
Nemelex Xobeh
Okawaru
Qazlal
Ru
Sif Muna
Trog
Uskayaw
Vehumet
Wu Jian
Xom
Yredelemnul
Zin
The Shining One
Lugonu

Shops:
D:3 ?(   D:4 ?   D:7 [!*!   D:12 =   Orc:2 (*=[(   Snake:2 (   Snake:3 *
Snake:4 :

Portals:
Abyss: Lair:5

Annotations:
D:6 1 runed translucent door, Icepheonix32's ghost, novice OpTm
D:12 exclusion: downstairs
Lair:2 3 runed translucent doors, funnyparkerb's ghost, journeyman VSFi


Innate Abilities, Weirdness & Mutations

You cannot wear most types of armour.
You are amphibious.
You can wear up to eight rings at the same time.
Your skin changes colour to match your surroundings (Stealth+).
Your rubbery body absorbs attacks. (AC +1, EV +1)
((You are camouflaged when in or above water. (Stealth+)))
You have tentacles for arms and can constrict up to eight enemies at once.


Message History

[a] - 312 gold - heal wounds, curing and berserk rage [b] - 400 gold - haste and resistance [c] - 780 gold - heal wounds, curing, magic, resistance and might Purchase which effect?
You no longer have enough gold to fund merchants seeking to open stores in the dungeon.
You feel much better.
You feel better. Magic courses through your body.
You feel protected.
You feel very mighty all of a sudden.
The zombie hands constrict the guardian serpent!
The naga warrior hits you with a +0 scimitar!!
* * * LOW HITPOINT WARNING * * *
You block the naga warrior's attack.
The salamander tyrant calls gouts of flame from the lava!
The flame surge hits you! You resist.
* * * LOW HITPOINT WARNING * * *
The naga sharpshooter unwields a +0 trident.
The naga sharpshooter wields a +0 longbow.
The naga sharpshooter shoots an arrow.
The arrow closely misses you.
The guardian serpent coils itself and waves its upper body at you.
The naga sharpshooter spits poison at you.
The splash of poison hits you. You resist.
* * * LOW HITPOINT WARNING * * *
The salamander mystic misses you.
You cannot blink because you are magically locked down.
You slash the salamander tyrant!
The salamander tyrant is no longer distracted by gold.
Your grab misses the salamander tyrant.
The salamander tyrant is moderately wounded.
You slash the naga warrior! You hit the salamander mystic.
You hit the naga sharpshooter. x2
The zombie hands constrict the guardian serpent!
The guardian serpent is distracted by your dazzling golden aura.
The naga warrior spits poison at you. The splash of poison hits you.
You resist.
* * * LOW HITPOINT WARNING * * *
The salamander tyrant gazes fiercely through you!
You feel as though you will be weak longer.
You block the salamander tyrant's attack.
The naga sharpshooter shoots an arrow.
The arrow hits you!!
You die...
Your body crumbles into a pile of gold.

##...# #.....##..≈≈§≈§≈§§≈≈≈§..##
###..# ##...##...§§§≈≈§≈§≈≈≈§...#
##.# ##..##...≈§§########≈≈≈§§.
*####..##..≈§≈###......###≈§§. #
###...##..≈≈≈##...8......##§§§
####....##..§≈≈##............##§§
.......##..≈§§##....######....##§
#.....##.§§§≈##NNN###,,,,###...##
......#).≈≈≈##.N@##,,,,,,,,##...#
....).#§.≈≈≈#..N##,,~~~~~~,,##...
....).#'#####'.N*,,~~~~~~~~,,#...
##......#*,.S#N#*,~~~~~~~~~~,####
#####.##...,.#*,,~~~~~~~~~~,,***
###,..,..,*,~~~~~~~~~~~~,**, ##
#.#,.,..,,+,~~~~~~~~~~~~,+,,
.#####.#,,...,,*,~~~~~~~~~~~~,+,,
....#.##*,,,,,**,~~~~~~~~~~~~,+,,


You could see 2 naga warriors, 2 naga sharpshooters, 2 salamander tyrants, a
salamander mystic, a guardian serpent (unaware, clutched) and a friendly
lightning spire (summoned).

Vanquished Creatures
  Kirke (Snake:1)
  2 nagarajas (Snake:2)
  Aizul (Snake:2)
  An orc warlord (Orc:2)
  A hydra (D:13)
  3 centaur warriors
  8 naga warriors
  4 death yaks (Lair:5)
  4 anacondas
  5 naga sharpshooters
  An orc high priest (Orc:2)
  5 shock serpents
  3 thrashing horrors (Lair:5)
  A salamander mystic (Snake:2)
  2 lindwurms (Snake:4)
  A naga ritualist (Snake:3)
  2 orc knights (Orc:1)
  3 orc sorcerers (Orc:2)
  2 mana vipers (Snake:2)
  An ugly thing (Lair:5)
  A manticore (D:13)
  9 elephants
  5 salamanders
  19 black mambas
  8 guardian serpents
  5 naga magi
  A smoke demon (Lair:5)
  Maurice (Orc:1)
  6 cane toads
  A komodo dragon (Lair:4)
  3 ancient zymes (Lair:5)
  A queen bee (shapeshifter) (Lair:5)
  3 trolls
  22 blink frogs
  A slime creature (D:13)
  4 dream sheep (Lair:4)
  A shadow (D:10)
  15 yaks
  A ynoxinul (Lair:5)
  A spriggan (Lair:5)
  5 wyverns
  4 hogs (Snake:1)
  2 basilisks (Lair:5)
  15 nagas
  A warg (Orc:1)
  13 water moccasins
  9 orc warriors
  A sky beast (D:6)
  5 wolves
  An ogre (D:4)
  3 centaurs (D:12)
  7 bullfrogs
  3 scorpions
  2 wights (D:8)
  11 small abominations (Lair:5)
  6 howler monkeys
  A jelly (Lair:5)
  4 hounds
  5 orc priests
  A jelly (shapeshifter) (Lair:5)
  2 iguanas
  3 orc wizards
  2 gnolls (D:8)
  4 adders
  2 shadow imps (D:6)
  A nameless horror (D:2)
  An ufetubus (D:5)
  3 worms
  2 dart slugs
  24 orcs
  6 ball pythons
  4 endoplasms
  A giant cockroach (D:2)
  9 goblins
  12 hobgoblins
  A quokka (D:3)
  5 bats
  A frilled lizard (D:2)
  7 kobolds
  4 rats
352 creatures vanquished.

Vanquished Creatures (collateral kills)
  Rupert (Lair:4)
  A nagaraja (Snake:2)
  Roxanne (Snake:3)
  Harold (Lair:2)
  A salamander tyrant (Snake:4)
  2 hydras
  2 anacondas
  A two-headed ogre (D:11)
  7 naga warriors
  5 naga sharpshooters
  2 shock serpents
  2 salamander mystics
  4 orc knights (Orc:2)
  2 naga ritualists
  An orc sorcerer (Orc:2)
  11 salamanders
  2 mana vipers
  An ugly thing (Lair:5)
  5 guardian serpents
  11 naga magi
  4 elephants
  6 black mambas
  3 komodo dragons
  An unseen horror (D:11)
  A rime drake (Lair:5)
  A cane toad (Lair:2)
  A troll (D:9)
  A polar bear (Lair:5)
  3 blink frogs (Lair:2)
  A shadow (D:12)
  2 wyverns
  A vampire (D:10)
  A ynoxinul (Lair:5)
  2 wraiths
  A yak (D:8)
  4 basilisks
  3 vampire mosquitoes
  A chaos spawn (Lair:5)
  21 nagas
  A warg (D:12)
  2 acid dragons
  6 water moccasins
  10 orc warriors
  2 sky beasts
  A black bear (D:8)
  2 wolves (Lair:2)
  A centaur (D:5)
  6 ogres
  A bullfrog (D:8)
  A gnoll sergeant (D:9)
  A kobold brigand (D:9)
  3 scorpions
  A necrophage (D:5)
  4 wights
  A small abomination (Lair:5)
  A nameless horror (Snake:3)
  4 howler monkeys
  2 jellies
  9 orc priests
  2 iguanas (D:5)
  Ijyb (D:5)
  13 orc wizards
  4 adders
  A gnoll (D:9)
  2 dart slugs
  40 orcs
  7 ball pythons
  5 endoplasms
  4 goblins
  4 hobgoblins
  2 jackals (D:1)
  12 kobolds
  A quokka (D:2)
  A bat (D:1)
  A frilled lizard (D:1)
  4 rats
284 creatures vanquished.

Vanquished Creatures (others)
  3 two-headed ogres
  A hydra (D:12)
  A boulder beetle (D:12)
  A skeletal warrior (D:12)
  An ugly thing (D:12)
  A manticore (D:11)
  A cyclops (D:11)
  A large abomination (Lair:5)
  3 elephants
  A torpor snail (Lair:3)
  2 komodo dragons
  3 trolls (D:12)
  A polar bear (Lair:3)
  A hornet (D:9)
  21 yaks
  7 vampire mosquitoes
  5 wargs
  2 nagas (Lair:3)
  An ice beast (D:8)
  4 orc warriors
  Blork the orc (Orc:2)
  A kobold brigand (D:9)
  2 wights (D:7)
  An orc wizard (Orc:2)
  2 orcs (Orc:2)
  A kobold (D:9)
  64 fungi
  50 plants
183 creatures vanquished.

Grand Total: 819 creatures vanquished

Notes
Turn   | Place    | Note
-------+----------+-------------------------------------------
     0 | D:1      | croobank the Octopode Summoner began the quest for the Orb.
     0 | D:1      | Reached XP level 1. HP: 11/11 MP: 3/3
   304 | D:1      | Reached XP level 2. HP: 18/18 MP: 1/5
   307 | D:1      | Learned a level 2 spell: Call Imp
   820 | D:1      | Reached XP level 3. HP: 22/22 MP: 6/6
   824 | D:1      | Learned a level 3 spell: Call Canine Familiar
  1102 | D:1      | Found a faded altar of an unknown god.
  1115 | D:1      | Got Plato's Folio of Arcane Weapons
  1361 | D:2      | Reached skill level 1 in Fighting
  1879 | D:2      | Reached XP level 4. HP: 24/28 MP: 4/7
  2815 | D:3      | Found Kaqeot's Weapon Shoppe.
  2889 | D:3      | Found Sadi's Magic Scroll Shoppe.
  2963 | D:3      | Bought a scroll of identify for 28 gold pieces
  3155 | D:3      | Noticed a scorpion
  3169 | D:3      | Killed a scorpion
  3170 | D:3      | Reached XP level 5. HP: 34/34 MP: 1/9
  3174 | D:3      | Learned a level 3 spell: Summon Guardian Golem
  3872 | D:3      | Reached XP level 6. HP: 39/39 MP: 7/10
  3906 | D:3      | Reached skill level 1 in Hexes
  4983 | D:4      | Reached skill level 5 in Summonings
  5045 | D:4      | Reached skill level 5 in Stealth
  5045 | D:4      | Reached XP level 7. HP: 36/45 MP: 6/11
  5189 | D:4      | Found Toqyr's Magic Scroll Shop.
  5543 | D:5      | Entered Level 5 of the Dungeon
  5748 | D:5      | Noticed Ijyb
  5930 | D:5      | Killed Ijyb
  6071 | D:5      | Reached XP level 8. HP: 52/52 MP: 10/13
  7302 | D:6      | Found a runed translucent door.
  7303 | D:6      | Noticed Icepheonix32's ghost (novice OpTm)
  7303 | D:6      | Noticed a shadow
  7337 | D:6      | Found a staircase to the Ecumenical Temple.
  7350 | Temple   | Entered the Ecumenical Temple
  7370 | Temple   | Became a worshipper of Gozag Ym Sagoz the Greedy
  7716 | D:6      | Identified 2 scrolls of acquirement
  7716 | D:6      | Acquired the ring "Guewuts" {MP+9 Str+3}
  7869 | D:6      | Acquired the ring "Geopnet" {Will+ Int+7 Dex+4}
  7996 | D:7      | Found Duut Cad's Antique Armour Shoppe.
  8001 | D:7      | Found Libaucwo's Distillery.
  8010 | D:7      | Bought a potion of might for 44 gold pieces
  8010 | D:7      | Bought a potion of heal wounds for 55 gold pieces
  8010 | D:7      | Bought a potion of brilliance for 44 gold pieces
  8010 | D:7      | Bought a potion of cancellation for 88 gold pieces
  8082 | D:7      | Reached skill level 5 in Dodging
  8113 | D:7      | Reached XP level 9. HP: 38/59 MP: 16/16
  8263 | D:7      | Found Xuffuomy's General Store.
  8309 | D:7      | Reached skill level 5 in Spellcasting
  8540 | D:7      | Found Woin's Distillery.
  8858 | D:8      | Reached skill level 5 in Fighting
  8904 | D:8      | Reached skill level 5 in Hexes
  9162 | D:8      | Learned a level 4 spell: Summon Lightning Spire
  9178 | D:8      | Found a sacrificial altar of Ru.
  9181 | D:8      | Found a radiant altar of Vehumet.
  9185 | D:8      | Found a basalt altar of Yredelemnul.
  9229 | D:8      | Reached XP level 10. HP: 68/68 MP: 19/19
  9262 | D:8      | Reached skill level 1 in Air Magic
  9492 | D:8      | Found a staircase to the Lair.
 11260 | D:10     | Entered Level 10 of the Dungeon
 11422 | D:10     | Noticed a two-headed ogre
 11423 | D:10     | Noticed a two-headed ogre
 11443 | D:10     | Killed a two-headed ogre
 11443 | D:10     | Killed a two-headed ogre
 11771 | D:10     | Reached XP level 11. HP: 75/75 MP: 21/21
 12380 | D:11     | Noticed a cyclops
 12413 | D:11     | Killed a cyclops
 12758 | D:11     | Reached skill level 1 in Axes
 13181 | D:11     | Reached skill level 2 in Axes
 13335 | D:11     | Noticed a two-headed ogre
 13357 | D:11     | Killed a two-headed ogre
 13712 | D:11     | Noticed a manticore
 13724 | D:11     | Killed a manticore
 13725 | D:11     | Reached skill level 3 in Axes
 14190 | D:12     | Noticed a cyan ugly thing
 14211 | D:12     | Killed a cyan ugly thing
 14360 | D:12     | Noticed a six-headed hydra
 14389 | D:12     | Killed a six-headed hydra
 14390 | D:12     | Reached skill level 5 in Air Magic
 14538 | D:12     | Noticed a boulder beetle
 14634 | D:12     | Killed a boulder beetle
 14635 | D:12     | Reached skill level 4 in Axes
 15334 | D:12     | Noticed a two-headed ogre
 15352 | D:12     | Killed a two-headed ogre
 15353 | D:12     | Reached XP level 12. HP: 83/83 MP: 24/24
 15476 | D:12     | Found Qomyirie's Jewellery Shoppe.
 15620 | D:12     | Noticed a centaur warrior
 15632 | D:12     | Killed a centaur warrior
 15961 | D:12     | Reached skill level 5 in Axes
 16319 | D:12     | Found a staircase to the Orcish Mines.
 16601 | D:13     | Noticed a centaur warrior
 16607 | D:13     | Killed a centaur warrior
 16814 | Lair:1   | Entered Level 1 of the Lair of Beasts
 17095 | Lair:1   | Learned a level 5 spell: Borgnjor's Vile Clutch
 17978 | Lair:2   | Found a staircase to the Swamp.
 17986 | Lair:2   | Noticed Harold
 17990 | Lair:2   | Reached skill level 6 in Axes
 17991 | Lair:2   | Reached skill level 1 in Necromancy
 18004 | Lair:2   | Killed Harold
 18016 | Lair:2   | Found a runed translucent gate.
 18017 | Lair:2   | Found a runed translucent gate.
 18018 | Lair:2   | Found a runed translucent gate.
 18018 | Lair:2   | Noticed funnyparkerb's ghost (journeyman VSFi)
 18872 | D:4      | Bought a scroll of enchant weapon for 105 gold pieces
 18872 | D:4      | Bought a scroll of fear for 56 gold pieces
 18872 | D:4      | Bought a scroll of magic mapping for 105 gold pieces
 18872 | D:4      | Bought a scroll of enchant weapon for 105 gold pieces
 18872 | D:4      | Bought a scroll of enchant weapon for 105 gold pieces
 19202 | Lair:2   | Reached skill level 1 in Earth Magic
 20014 | Lair:3   | Reached skill level 10 in Summonings
 20076 | Lair:3   | Reached XP level 13. HP: 85/90 MP: 25/25
 20094 | Lair:3   | Reached skill level 7 in Axes
 20925 | Lair:2   | Learned a level 4 spell: Olgreb's Toxic Radiance
 21525 | Lair:3   | Reached skill level 1 in Poison Magic
 22432 | Lair:3   | Found a staircase to the Snake Pit.
 22445 | Lair:3   | Reached skill level 8 in Axes
 23544 | Lair:4   | Reached skill level 10 in Dodging
 23553 | Lair:4   | Learned a level 2 spell: Poisonous Vapours
 23560 | Lair:4   | Learned a level 6 spell: Dispersal
 24097 | Lair:4   | Noticed Rupert
 24124 | Lair:4   | Killed Rupert
 24125 | Lair:4   | Reached skill level 1 in Translocations
 24377 | Lair:5   | Entered Level 5 of the Lair of Beasts
 24567 | Lair:5   | Reached skill level 9 in Axes
 24702 | Lair:5   | Reached XP level 14. HP: 98/98 MP: 27/27
 24707 | Lair:5   | Reached skill level 1 in Shields
 24845 | Lair:5   | Reached skill level 10 in Fighting
 25048 | Lair:5   | HP: 2/99 [death yak (25)]
 26281 | Lair:5   | Found a staircase to the Slime Pits.
 27552 | Lair:5   | Found a corrupted altar of Lugonu.
 27553 | Lair:5   | Found a one-way gate to the infinite horrors of the Abyss.
 27648 | Lair:5   | Acquired 876 gold pieces
 27902 | D:3      | Bought a scroll of magic mapping for 105 gold pieces
 27902 | D:3      | Bought a scroll of blinking for 105 gold pieces
 27902 | D:3      | Bought a scroll of teleportation for 42 gold pieces
 27902 | D:3      | Bought a scroll of blinking for 105 gold pieces
 27902 | D:3      | Bought a scroll of teleportation for 42 gold pieces
 28166 | D:7      | Bought a potion of cancellation for 88 gold pieces
 28342 | D:12     | Bought an amulet of reflection for 420 gold pieces
 28393 | Orc:1    | Entered Level 1 of the Orcish Mines
 28407 | Orc:1    | Noticed Maurice
 28433 | Orc:1    | Killed Maurice
 28778 | Orc:2    | Entered Level 2 of the Orcish Mines
 28858 | Orc:2    | Noticed Blork the orc
 28886 | Orc:2    | Killed Blork the orc
 28980 | Orc:2    | Reached skill level 10 in Axes
 29156 | Orc:2    | Noticed an orc warlord
 29195 | Orc:2    | Reached skill level 5 in Translocations
 29347 | Orc:2    | Killed an orc warlord
 29756 | Orc:2    | Found Giatryp's Antique Armour Emporium.
 29950 | Orc:2    | Reached XP level 15. HP: 105/105 MP: 28/28
 29971 | Orc:2    | Found Ejum's Antique Weapon Emporium.
 29987 | Orc:2    | Found Ifeoton's Jewellery Emporium.
 30002 | Orc:2    | Found Yterynt's General Store.
 30010 | Orc:2    | Bought a potion of heal wounds for 55 gold pieces
 30010 | Orc:2    | Bought a potion of resistance for 110 gold pieces
 30058 | Orc:2    | Found a staircase to the Elven Halls.
 30143 | Orc:2    | Found Zuant's Antique Weapon Emporium.
 30151 | Orc:2    | Bought a jewelled executioner's axe for 510 gold pieces
 30151 | Orc:2    | Identified the +7 executioner's axe of Pain and Death
                  | {flame, rElec Int+7 Dex+2} (You bought it in a shop on
                  | level 2 of the Orcish Mines)
 30515 | D:13     | Reached skill level 10 in Spellcasting
 31006 | D:13     | HP: 2/105 [meliai/divine providence (9)]
 31594 | D:7      | Bought a scroll of enchant armour for 105 gold pieces
 31595 | D:7      | Bought a wand of iceblast (5) for 168 gold pieces
 31595 | D:7      | Bought a wand of digging (4) for 235 gold pieces
 31604 | D:7      | Learned a level 5 spell: Summon Mana Viper
 31711 | Snake:1  | Entered Level 1 of the Snake Pit
 31950 | Snake:1  | Noticed Kirke
 31963 | Snake:1  | Killed Kirke
 32815 | Snake:2  | Noticed Aizul
 32830 | Snake:2  | Noticed a nagaraja
 32834 | Snake:2  | Killed Aizul
 32837 | Snake:2  | Reached skill level 11 in Axes
 32837 | Snake:2  | Noticed a nagaraja
 32842 | Snake:2  | Killed a nagaraja
 32847 | Snake:2  | Killed a nagaraja
 33494 | Snake:2  | You fall into a shaft and drop 1 floor!
 33736 | Snake:2  | Reached skill level 5 in Shields
 33876 | Snake:2  | Noticed a nagaraja
 33887 | Snake:2  | Killed a nagaraja
 34866 | Snake:2  | Found Ziut's Antique Weapon Emporium.
 35262 | Snake:3  | Reached XP level 16. HP: 14/113 MP: 30/30
 36211 | Snake:3  | Reached skill level 12 in Axes
 36580 | Snake:3  | Noticed Roxanne
 36612 | Snake:3  | Killed Roxanne
 37245 | Snake:3  | Reached skill level 5 in Earth Magic
 37320 | Snake:3  | Reached skill level 5 in Necromancy
 37862 | Snake:3  | Found Nauram Byro's Assorted Antiques.
 38425 | Snake:4  | Entered Level 4 of the Snake Pit
 39005 | Snake:4  | Acquired 966 gold pieces
 39292 | Snake:4  | Found Noseixy Ugio's Vocational Training.
 40415 | Orc:2    | Bought a ring of protection from fire for 350 gold pieces
 40858 | Snake:4  | Found a glowing silver altar of Zin.
 41226 | Snake:4  | Reached skill level 13 in Axes
 41535 | Snake:4  | Shot with an arrow by a naga sharpshooter

Illustrated notes

Levels and vault maps discovered:
D:1:      dpeg_arrival_signposts, layout_basic,
          shapermc_ecumenical_altar_rom_forum
D:2:      layout_basic, grunt_ministairs_10, minmay_divided_ellipse
D:3:      corexii_shack_village, layout_basic, serial_shops, shop,
          nicolae_shop_bloodbath_and_beyond, minmay_between
D:4:      layout_rooms, serial_shops, nicolae_inconvenience_store, hex_tiny
D:5:      layout_loops_corners, minmay_misc_feat_tower, uniq_ijyb
D:6:      layout_loops_cross, minmay_temple_entry_crystal_x,
          ebering_ghost_inner_flame
D:7:      layout_basic, serial_shops, nicolae_shop_trees, kennysheep_mini,
          nicolae_shop_advertising_works [nicolae_subvault_shop_adworks], shop,
          kennysheep_generic_room_11
D:8:      layout_basic, grunt_temple_overflow_diamond, erik_lair_orcish_takeover
D:9:      layout_rooms, roderic_serpentine_path
D:10:     layout_cave_pools
D:11:     layout_loops_corners
D:12:     layout_basic, minmay_orc_entry_guard_dogs, serial_shops,
          kennysheep_mini_moat
D:13:     layout_basic, hangedman_vaults_entry_quadrant_bands
Temple:   hellmonk_temple_of_storms
Lair:1:   layout_loops_ring
Lair:2:   layout_roguey, swamp_mist_pool, ebering_ghost_rock_garden,
          serial_bayou_shore_b, uniq_harold
Lair:3:   layout_layer_cave, guppyfry_snake_entry_island, columned_hall_lemuel,
          hibernation_bobbens
Lair:4:   layout_hall_layers, chequers_serial_rivers_micro_e,
          chequers_serial_rivers_small_3, uniq_rupert
Lair:5:   hellmonk_lair_end_abyssal_woods, layout_cave_pods,
          nicolae_slime_entry_slimehenge, grunt_megastairs_3
Snake:1:  layout_misc_corridors, st_stairs_1, grunt_megastairs_5, uniq_kirke
Snake:2:  nicolae_aizul_guard, layout_basic, serial_shops, shop,
          nicolae_snake_shapes, grunt_megastairs_4, uniq_aizul
Snake:3:  layout_misc_corridors, serial_shops, nicolae_diamond_shop,
          nicolae_snake_snakewalk, grunt_megastairs_2, uniq_roxanne
Snake:4:  snake_pit_salamanders_mu, layout_chambers, basic_altar,
          grunt_ministairs_11, st_stairs_3, nicolae_shop_vocational
Orc:1:    layout_caves, serial_shops, shop, nicolae_orc_crystal_geode,
          uniq_maurice, uniq_josephine, uniq_urug
Orc:2:    grunt_orc_cross, layout_caves, serial_shops, shop

Skill      XL: |  1  2  3  4  5  6  7  8  9 10 11 12 13 14 15 16 |
---------------+-------------------------------------------------+-----
Stealth        | 3 4 5 |  5.0
Fighting       | 1 2 3 4 5 7 8 9 10 11 12 | 12.0
Dodging        | 3 4 5 6 7 8 9 10 11 12 | 12.1
Spellcasting   | 3 4 6 7 8 9 10 | 10.8
Hexes          | 1 2 4 5 6 7 |  7.0
Summonings     | 5 6 7 8 9 10 11 | 11.7
Air Magic      | 3 5 6 7 |  7.0
Axes           | 4 6 9 10 11 13 | 13.0
Necromancy     | 2 3 4 5 |  5.0
Earth Magic    | 1 3 4 5 |  5.0
Poison Magic   | 3 |  3.0
Translocations | 2 5 6 |  6.0
Shields        | 3 5 |  5.0

Action                   |  1- 3 |  4- 6 |  7- 9 | 10-12 | 13-15 | 16-18 || total
-------------------------+-------+-------+-------+-------+-------+-------++-------
Melee: Unarmed           |     5 |       |       |       |       |       ||     5
       Constrict         |    11 |    13 |    15 |    25 |    44 |     7 ||   115
       Dagger            |    30 |    43 |    92 |    47 |       |       ||   212
       Tentacles         |     7 |    12 |    16 |    28 |    95 |     9 ||   167
       Hand axe          |       |    23 |       |       |       |       ||    23
       Punch             |       |       |     3 |     1 |     2 |       ||     6
       War axe           |       |       |       |    69 |   277 |    33 ||   379
       Executioner's axe |       |       |       |       |    10 |       ||    10
 Cast: Summon Small Mamm |    30 |    23 |    15 |    11 |    23 |       ||   102
       Call Imp          |    12 |    10 |     7 |     6 |    13 |       ||    48
       Call Canine Famil |     3 |    14 |    23 |    34 |    45 |     4 ||   123
       Summon Guardian G |       |       |    13 |    61 |    56 |     6 ||   136
       Summon Lightning  |       |       |       |     3 |    33 |    25 ||    61
       Borgnjor's Vile C |       |       |       |     2 |    99 |    88 ||   189
       Olgreb's Toxic Ra |       |       |       |       |     8 |     1 ||     9
       Summon Mana Viper |       |       |       |       |    31 |    41 ||    72
Invok: Potion Petition   |       |       |       |     1 |     7 |     4 ||    12
Evoke: Wand              |       |       |       |     2 |     3 |       ||     5
  Use: Scroll            |       |    13 |     5 |    12 |    14 |     3 ||    47
       Potion            |       |     1 |       |     2 |    12 |     2 ||    17
 Stab: Sleeping          |     2 |    14 |    13 |    10 |    10 |     1 ||    50
       Distracted        |       |       |     1 |     1 |    10 |     2 ||    14
       Petrified         |       |       |       |     2 |       |       ||     2
Armor: Skin              |       |     2 |    13 |     4 |     4 |       ||    23
Dodge: Dodged            |    31 |    33 |    53 |   170 |   279 |    45 ||   611
Block: Buckler           |       |       |       |       |    79 |    43 ||   122
       Reflection        |       |       |       |       |     8 |    17 ||    25
       Other             |       |       |       |       |     9 |       ||     9
